 Dungeon Crawl Stone Soup version 0.22.1-2-g9c5b331 (webtiles) character file.

60 redwoodhats the Chiller (level 4, -6/27 HPs)
             Began as an Octopode Ice Elementalist on Dec 12, 2018.
             Mangled by Sigmund
             ... wielding a +0 scythe
              (11 damage)
             ... on level 3 of the Dungeon.
             The game lasted 00:13:26 (2423 turns).

redwoodhats the Chiller (Octopode Ice Elementalist) Turns: 2423, Time: 00:13:27

Health: -6/27      AC:  1    Str:  7    XL:     4   Next: 6%
Magic:  3/7        EV: 14    Int: 18    God:
Gold:   132        SH:  0    Dex: 12    Spells: 7/8 levels left

rFire    . . .     SeeInvis .   r - +2 hunting sling (flame)
rCold    . . .     Gourm    .   (no shield)
rNeg     + . .     Faith    .   (helmet restricted)
rPois    .         Spirit   .   (no amulet)
rElec    .         Reflect  .   a - ring of positive energy
rCorr    .         Harm     .   c - +1 ring of evasion
MR       .....                  m - ring of stealth
Stlth    ++++......             (no ring)
HPRegen  0.09/turn              (no ring)
MPRegen  0.10/turn              (no ring)
                                (no ring)
                                (no ring)

@: about to teleport
A: almost no armour, stealthy swim, amphibious, 8 rings, constrict 8, camouflage
1, gelatinous body 1
a: no special abilities


You were on level 3 of the Dungeon.
You were hungry.

You visited 1 branch of the dungeon, and saw 3 of its levels.

You collected 132 gold pieces.

Inventory:

Hand Weapons
 e - a +1 dagger
 g - a cursed -3 quarterstaff
 r - a +2 hunting sling of flaming (weapon)
Missiles
 d - 42 sling bullets (quivered)
 j - 5 large rocks
Jewellery
 a - a ring of positive energy (left tentacle)
 c - a +1 ring of evasion (right tentacle)
 m - a ring of stealth (on tentacle)
 q - a +2 ring of strength {unknown}
Scrolls
 b - a scroll of random uselessness {unknown}
 f - 3 scrolls of enchant weapon
 k - a scroll of noise
 n - 2 scrolls of teleportation
 o - a scroll of magic mapping {unknown}
 p - a scroll of remove curse
 s - a scroll of identify
Potions
 h - a potion of flight {unknown}
 i - a potion of degeneration {unknown}
Comestibles
 l - 3 rations


   Skills:
 + Level 0.1 Slings
 + Level 2.3 Dodging
 + Level 2.7 Stealth
 + Level 0.3 Unarmed Combat
 + Level 2.5 Spellcasting
   Level 1.0 Conjurations
 + Level 4.0 Ice Magic


You had 7 spell levels left.
You knew the following spells:

 Your Spells              Type           Power        Failure   Level  Hunger
a - Freeze                Ice            ###.         3%          1    #......

Your spell library contained the following spells:

 Spells                   Type           Power        Failure   Level  Hunger
 Throw Frost              Conj/Ice       ##....       9%          2    ##.....
 Ozocubu's Armour         Chrm/Ice       #.......     22%         3    ###....
 Throw Icicle             Conj/Ice       ##......     52%         4    #####..
 Summon Ice Beast         Ice/Summ       #.......     58%         4    #####..


Dungeon Overview and Level Annotations

Branches:
Dungeon (3/15)

Altars:

Annotations:
D:3 Sigmund


Innate Abilities, Weirdness & Mutations

You cannot wear most types of armour.
You are very stealthy in the water. (Stealth+)
You are amphibious.
You can wear up to eight rings at the same time.
You can use your tentacles to constrict eight enemies at once.
Your skin changes colour to match your surroundings (Stealth+).
Your rubbery body absorbs attacks. (AC +1, EV +1)


Message History

The magic dart hits you!
* * * LOW HITPOINT WARNING * * *
Casting: Freeze (safe; 3% risk of failure)
Confirm with . or Enter, or press ? or * to list all spells.
Aiming: Freeze (safe; 3% risk of failure)
Press: ? - help, Shift-Dir - straight line, f/p - Sigmund
Aim: Sigmund, wielding a scythe and wearing a robe (moderately wounded)
You freeze Sigmund.
Sigmund is heavily wounded.
Sigmund barely misses you.
Casting: Freeze (safe; 3% risk of failure)
Confirm with . or Enter, or press ? or * to list all spells.
Aiming: Freeze (safe; 3% risk of failure)
Press: ? - help, Shift-Dir - straight line, f/p - Sigmund
Aim: Sigmund, wielding a scythe and wearing a robe (heavily wounded)
You freeze Sigmund.
Sigmund is severely wounded.
As you read the scroll of teleportation, it crumbles to dust.
You feel strangely unstable. Sigmund hits you with a scythe!
You die...

#..##..... ........
#.....###########..
#....## #......
#)...# #.#####
#....##### #.
###......... #.
#.........# ###.
#.....#.....## #...
.......#@.##.#
###... ....##.#@.#
..# ...... ####
#....# .# ######
#....# # #..(.# #
#..... # #..(.. #
.....##


You could see Sigmund.

Vanquished Creatures
  An adder (D:2)
  An ooze (D:3)
  An adder zombie (D:1)
  A dart slug (D:1)
  2 leopard geckos
  3 ball pythons
  3 giant cockroaches
  2 goblins
  8 hobgoblins
  4 kobolds
  A quokka (D:3)
  A ball python zombie (D:1)
  3 bats
  3 frilled lizards
  3 rats
37 creatures vanquished.

Notes
Turn   | Place    | Note
-------+----------+-------------------------------------------
     0 | D:1      | redwoodhats the Octopode Ice Elementalist began the quest
                  | for the Orb.
     0 | D:1      | Reached XP level 1. HP: 11/11 MP: 3/3
   638 | D:1      | Reached XP level 2. HP: 17/17 MP: 3/5
  1355 | D:2      | Reached XP level 3. HP: 18/21 MP: 0/6
  1892 | D:3      | Reached skill level 4 in Ice Magic
  2343 | D:3      | Reached XP level 4. HP: 27/27 MP: 5/7
  2412 | D:3      | Noticed Sigmund
  2423 | D:3      | Mangled by Sigmund

Skill      XL: |  1  2  3 |
---------------+----------+-----
Ice Magic      | 4 |  4.0
Slings         | |  0.1
Dodging        | |  2.3
Stealth        | |  2.7
Unarmed Combat | |  0.3
Spellcasting   | |  2.5
Conjurations   | |  1.0

Action                   |  1- 3 |  4- 6 || total
-------------------------+-------+-------++-------
Melee: Unarmed           |    37 |       ||    37
       Constrict         |     8 |       ||     8
       Tentacles         |     7 |       ||     7
       Hunting sling     |     1 |       ||     1
 Fire: Hunting sling     |       |     9 ||     9
 Cast: Freeze            |    49 |     4 ||    53
  Use: Scroll            |     6 |     1 ||     7
       Potion            |     4 |       ||     4
 Stab: Sleeping          |     1 |       ||     1
  Eat: Ration            |     1 |       ||     1
       Chunk             |     1 |       ||     1
Armor: Skin              |     4 |       ||     4
Dodge: Dodged            |    46 |     5 ||    51
